 Dungeon Crawl Stone Soup version 0.29-a0-43-g62a80824bf (webtiles) character file.

Game seed: 7891332339182548878

77 Hubjo the Grasshopper (level 4, 0/23 (33) HPs)
             Began as a Vampire Warper on Feb 2, 2022.
             Slain by an ufetubus (4 damage)
             ... on level 4 of the Dungeon.
             The game lasted 00:03:52 (453 turns).

Hubjo the Grasshopper (Vampire Warper)               Turns: 453, Time: 00:03:52

HP:   0/23 (33)     AC:  3    Str: 10    XL:     4   Next: 13%
MP:   5/7           EV: 12    Int: 15    God:
Gold: 29            SH:  0    Dex: 15    Spells: 5/7 levels left

rFire   . . .      SeeInvis +   h - +0 rapier
rCold   . . .      Faith    .   (no shield)
rNeg    . . .      Spirit   .   b - +0 leather armour
rPois   .          Reflect  .   (no helmet)
rElec   .          Harm     .   g - scarf {+Inv}
rCorr   .          Rampage  .   (no gloves)
Will    .....                   (no boots)
Stlth   +.........              (no amulet)
HPRegen 0.27/turn               (no ring)
MPRegen 0.10/turn               (no ring)

@: healing quickly, very heavily drained
A: alive, fangs 3, see invisible, vampiric 2
a: Exsanguinate, Evoke Invisibility


You were on level 4 of the Dungeon.
You visited 1 branch of the dungeon, and saw 6 of its levels.

You collected 29 gold pieces.

Inventory:

Hand Weapons
 a - a +0 short sword
 h - a +0 rapier (weapon)
Missiles
 d - 5 boomerangs of dispersal (quivered)
Armour
 b - a +0 leather armour (worn)
 g - a scarf of invisibility (worn)
Scrolls
 c - a scroll of blinking


   Skills:
 + Level 2.1 Fighting
 + Level 2.8 Short Blades
 + Level 0.7 Throwing
 + Level 1.4 Armour
 + Level 2.8 Dodging
 + Level 2.3 Spellcasting
 + Level 2.9 Translocations


You had 5 spell levels left.
You knew the following spells:

 Your Spells              Type           Power      Damage    Failure   Level
a - Blink                 Tloc           20%        N/A       13%         2

Your spell library contained the following spells:

 Spells                   Type           Power      Damage    Failure   Level
 Gell's Gravitas          Tloc           10%        N/A       26%         3
 Lesser Beckoning         Tloc           10%        N/A       26%         3
 Teleport Other           Tloc           10%        N/A       26%         3
 Manifold Assault         Tloc           10%        N/A       93%         5


Dungeon Overview and Level Annotations

Branches:
Dungeon (6/15)
 Temple: D:4-7

Altars:


Innate Abilities, Weirdness & Mutations

Your natural rate of healing is accelerated.
You have razor-sharp teeth.
You have supernaturally acute eyesight. (SInv)
You are afflicted with vampirism and can become a bat while bloodless.


Message History

There is a stone staircase leading up here.
The adder bites you.
You are poisoned.
The adder poisons you! The ufetubus closely misses you. x2
The adder bites you.
* * * LOW HITPOINT WARNING * * *
The ufetubus closely misses you. The ufetubus hits you.
* * * LOW HITPOINT WARNING * * *
You climb upwards.
* * * LOW HITPOINT WARNING * * *
You feel sick.
There is a stone staircase leading down here.
It was a potion of heal wounds.
You feel much better.
You feel sick. The ufetubus closely misses you.
The ufetubus hits you but does no damage.
The adder bites you.
Casting: Blink (safe; 13% risk of failure)
Confirm with . or Enter, or press ? or * to list all spells.
You blink.
You feel sick.
The ufetubus hits you but does no damage.
The ufetubus barely misses you. The ufetubus hits you. The ufetubus misses you.
You feel sick.
You are no longer poisoned.
You feel drained.
You fail to use your ability.
The ufetubus misses you. The ufetubus barely misses you. x3
You feel drained.
You fail to use your ability.
The ufetubus barely misses you. x2
You feel drained.
You fail to use your ability.
The ufetubus hits you. The ufetubus closely misses you. The ufetubus hits you.
The ufetubus barely misses you.
As you read the scroll labelled QIOR MUSKUKU, it crumbles to dust.
The scroll dissolves into smoke.
It was a scroll of fog.
You feel stable enough to blink again. The ufetubus closely misses you. x2
You closely miss the ufetubus. Your bite misses the ufetubus.
The ufetubus is moderately wounded.
The ufetubus hits you. x2
* * * LOW HITPOINT WARNING * * *
The ufetubus hits you but does no damage.
The ufetubus hits you.
You die...

..#
#.#
#.#
#.#
#.#
#>#
#S#
#5#
#@#
#§#
#§#
#.#
#.#
...
#.#
...


You could see an adder and an ufetubus.

Vanquished Creatures
  A water moccasin zombie (D:5)
  4 goblins
  4 kobolds
  A quokka (D:1)
  2 bats
  3 frilled lizards
  A rat (D:2)
16 creatures vanquished.

Notes
Turn   | Place    | Note
-------+----------+-------------------------------------------
     0 | D:1      | Hubjo the Vampire Warper began the quest for the Orb.
     0 | D:1      | Reached XP level 1. HP: 16/16 MP: 3/3
   190 | D:1      | Reached XP level 2. HP: 22/22 MP: 5/5
   216 | D:1      | Learned a level 2 spell: Blink
   225 | D:2      | Reached skill level 1 in Armour
   283 | D:2      | Found a faded altar of an unknown god.
   358 | D:2      | You fall into a shaft and drop 1 floor!
   380 | D:3      | You fall into a shaft and drop 3 floors!
   406 | D:5      | Entered Level 5 of the Dungeon
   423 | D:5      | Gained mutation: You are afflicted with vampirism and can
                  | become a bat while bloodless. [Vampire growth]
   423 | D:5      | Reached XP level 3. HP: 23/27 MP: 6/6
   423 | D:5      | Reached XP level 4. HP: 28/33 MP: 7/7
   427 | D:5      | Noticed an ogre
   453 | D:4      | Slain by an ufetubus

Illustrated notes

Levels and vault maps discovered:
D:1:      amcnicky_arrival_flooded_fountain, layout_basic,
          minmay_misc_feat_doors, minmay_crystal_room
D:2:      layout_rooms, chequers_ecumenical_altar_island
D:3:      layout_loops_ring, nicolae_overflow_hidden_temple,
          ashenzari_conservatory_becter, lemuel_doored_altar, serial_shops,
          nicolae_shop_crystal, nicolae_underground_beach
D:4:      minmay_wonky_spiral, layout_rooms, nicolae_dithmenos_the_darkroom,
          temple_green
D:5:      lemuel_insect_pit, layout_cave_pools, cheibrodos_sewer_entry_drain,
          gup_ossuary_entry_pyramid
D:6:      layout_loops_corners, kennysheep_path_1, uniq_pikel

Skill      XL: |  1  2 |
---------------+-------+-----
Armour         | 1 |  1.4
Fighting       | 2 |  2.1
Short Blades   | |  2.8
Throwing       | |  0.7
Dodging        | |  2.8
Spellcasting   | |  2.3
Translocations | |  2.9

Action                   |  1- 3 |  4- 6 || total
-------------------------+-------+-------++-------
Melee: Short sword       |    54 |       ||    54
       Bite              |     4 |       ||     4
       Rapier            |    12 |     7 ||    19
 Cast: Blink             |       |     2 ||     2
  Use: Scroll            |       |     1 ||     1
       Potion            |       |     1 ||     1
Armor: Leather armour    |    10 |     8 ||    18
Dodge: Dodged            |    53 |    36 ||    89

Table legend: (Time is in decaauts)
 A = Elapsed time spent in this place.
 B = Non-inter-level travel time spent in this place.
 C = Inter-level travel time spent in this place.
 D = Time resting spent in this place.
 E = Time spent auto-exploring this place.
 F = Levels seen in this place.
 G = Mean time per level.
                   A        B        C        D        E       F      G
               +--------+--------+--------+--------+--------+-----+--------+
         Total |    454 |    399 |     55 |      0 |    197 |   6 |   75.7 |
       Dungeon |    454 |    399 |     55 |      0 |    197 |   6 |   75.7 |
               +--------+--------+--------+--------+--------+-----+--------+

Top non-repeatable levels by time:
     D:1: 256 daAuts
     D:2: 102 daAuts
     D:5: 39 daAuts
     D:6: 26 daAuts
     D:3: 21 daAuts
     D:4: 7 daAuts
